 Dungeon Crawl Stone Soup version 0.28.0 (webtiles) character file.

Game seed: 914727093456698906

441 SnakkuSnakku7 the Magician (level 7, -1/49 HPs)
             Began as a Djinni Gladiator on Feb 10, 2022.
             Killed from afar by Dowan (11 damage)
             ... with a stone arrow
             ... on level 4 of the Dungeon.
             The game lasted 00:04:55 (3342 turns).

SnakkuSnakku7 the Magician (Djinni Gladiator)       Turns: 3342, Time: 00:04:55

Health: -1/49      AC:  4    Str: 13    XL:     7   Next: 22%
Gold:   184        EV: 12    Int: 11    God:
                   SH:  0    Dex: 15

rFire   + + +      SeeInvis .   b - +1 dagger (venom)
rCold   x . .      Faith    .   (no shield)
rNeg    . . .      Spirit   .   e - +0 leather armour
rPois   ∞          Reflect  .   c - +0 helmet
rElec   .          Harm     .   (no cloak)
rCorr   .          Rampage  .   (no gloves)
Will    .....                   (boots unavailable)
Stlth   +.........              (no amulet)
HPRegen 0.16/turn               i - ring of protection from fire
MPRegen 0.00/turn               (no ring)

@: flying
A: sickness immunity, fire resistance 2, cold vulnerability 1, float, innate
caster, HP casting, extra vitality 1
a: no special abilities


You were on level 4 of the Dungeon.
You visited 1 branch of the dungeon, and saw 4 of its levels.

You collected 184 gold pieces.

Inventory:

Hand Weapons
 a - a +0 quarterstaff
 b - a +1 dagger of venom (weapon)
Missiles
 d - 3 throwing nets (quivered)
Armour
 c - a +0 helmet (worn)
 e - a +0 leather armour (worn)
Jewellery
 i - a ring of protection from fire (left hand)
Wands
 k - a wand of iceblast (10)
 r - a wand of flame (20)
Scrolls
 h - 2 scrolls of teleportation {unknown}
 l - a scroll of vulnerability {unknown}
 o - 2 scrolls of enchant armour {unknown}
 q - a scroll of magic mapping {unknown}
 s - a scroll of fear {unknown}
 t - a scroll of holy word {unknown}
Potions
 g - 3 potions of flight {unknown}
 j - a potion of haste {unknown}
 m - a potion of curing
 n - a potion of heal wounds {unknown}
 p - a potion of cancellation
 v - a potion of brilliance


   Skills:
 - Level 2.0 Fighting
 - Level 2.6 Staves
 - Level 1.5 Throwing
 - Level 3.2 Dodging
 + Level 5.2 Spellcasting


You had 11 spell levels left.
You knew the following spells:

 Your Spells              Type           Power      Damage    Failure   Level
a - Shock                 Conj/Air       56%        1d6       3%          1
b - Wereblood             Tmut           14%        N/A       4%          2
c - Call Imp              Summ           14%        N/A       4%          2
Your spell library was empty.

Dungeon Overview and Level Annotations

Branches:
Dungeon (4/15)
 Temple: D:4-7

Altars:

Shops:
D:3 (

Annotations:
D:4 Dowan


Innate Abilities, Weirdness & Mutations

You are immune to sickness and miasma.
You are immune to poison.
Your flesh is very heat resistant. (rF++)
You are vulnerable to cold. (rC-)
You float through the air rather than walking.
You learn spells naturally, not from books.
Your magical power is your life essence.
You have superior vitality. (+4 MHP)


Message History

Dowan gestures wildly while chanting.
Dowan blinks!
Dowan hits you with a +0 dagger.
* * * LOW HITPOINT WARNING * * *
Unknown command.
You hit Dowan.
Dowan is lightly wounded.
Dowan closely misses you.
Unknown command.
Dowan gestures wildly while chanting.
Dowan blinks!
Your crimson imp blinks!
Unknown command.
Your magical contamination has completely faded away.
Casting: Call Imp (safe; 4% risk of failure)
Confirm with . or Enter, or press ? or * to list all spells.
A beastly little devil appears in a puff of frigid air.
* * * LOW HITPOINT WARNING * * *
Your crimson imp disappears in a puff of smoke!
Your white imp hits Dowan.
Your white imp freezes Dowan.
Aiming: Iceblast
Press: ? - help, Shift-Dir - straight line, f - Dowan
Aim: Dowan, wielding a +0 dagger and wearing a +0 robe (heavily wounded, fast, ally target) Really fire at your white imp?
The mass of ice explodes!
The iceblast engulfs Dowan!
Dowan is almost dead.
The iceblast engulfs your white imp.
Your white imp is lightly wounded.
Your white imp disappears in a puff of smoke!
Unknown command.
Unknown command.
Unknown command.
Okay, then.
Aiming: Throw Flame
Press: ? - help, Shift-Dir - straight line, f/p - Dowan
Aim: Dowan, wielding a +0 dagger and wearing a +0 robe (almost dead, fast, 56% to hit)
The puff of flame misses Dowan.
Dowan hits you with a +0 dagger.
* * * LOW HITPOINT WARNING * * *
Dowan casts a spell at you. The stone arrow hits you!
You die...

## ..# ######### ...#
#..[..... ..?..
#.#######.....#
#########..............
#......@e..#######..##.
#.########.# # #.# #.#
##.## #.#
####...#######e#
#..............#
##.##...#########
#...##.####### #.
#..#.......#


You could see Dowan (fast).

Vanquished Creatures
  Duvessa (D:4)
  A black bear (D:3)
  Jessica (D:3)
  Natasha (thrice) (D:2)
  2 orc wizards (D:3)
  4 adders
  2 worms
  5 dart slugs
  4 orcs (D:3)
  5 bats
  6 endoplasms
  4 giant cockroaches
  4 goblins
  4 hobgoblins
  8 jackals (D:3)
  6 quokkas
  3 ball pythons
  3 frilled lizards
  A jackal skeleton (D:4)
  2 kobolds
  10 rats
79 creatures vanquished.

Notes
Turn   | Place    | Note
-------+----------+-------------------------------------------
     0 | D:1      | SnakkuSnakku7 the Djinni Gladiator began the quest for the
                  | Orb.
     0 | D:1      | Reached XP level 1. HP: 18/18 MP: 0/0
    14 | D:1      | You are sucked into a shaft and drop 1 floor!
   338 | D:1      | Noticed a minotaur skeleton
   376 | D:1      | Reached skill level 1 in Spellcasting
   376 | D:1      | Reached XP level 2. HP: 23/23 MP: 0/0
   726 | D:2      | Reached XP level 3. HP: 18/28 MP: 0/0
   726 | D:2      | Learned a level 1 spell: Shock
   899 | D:2      | Reached skill level 2 in Spellcasting
   999 | D:2      | Noticed Natasha
  1014 | D:2      | Killed Natasha
  1015 | D:2      | Reached XP level 4. HP: 4/33 MP: 0/0
  1806 | D:2      | Noticed Natasha
  1815 | D:2      | Killed Natasha
  1816 | D:2      | Reached skill level 3 in Spellcasting
  1816 | D:2      | Reached XP level 5. HP: 37/38 MP: 0/0
  1816 | D:2      | Learned a level 2 spell: Wereblood
  1830 | D:2      | Noticed Natasha
  1839 | D:2      | Killed Natasha
  1903 | D:3      | Found Lezyjec's Weapon Boutique.
  2262 | D:3      | Reached skill level 4 in Spellcasting
  2262 | D:3      | Reached XP level 6. HP: 22/43 MP: 0/0
  2388 | D:3      | Noticed a black bear
  2479 | D:3      | Killed a black bear
  2729 | D:3      | Found a faded altar of an unknown god.
  2880 | D:3      | Noticed Jessica
  2908 | D:3      | Killed Jessica
  3111 | D:4      | Noticed Duvessa
  3129 | D:4      | Killed Duvessa
  3130 | D:4      | Reached skill level 5 in Spellcasting
  3130 | D:4      | Reached XP level 7. HP: 28/49 MP: 0/0
  3130 | D:4      | Learned a level 2 spell: Call Imp
  3323 | D:4      | Noticed Dowan
  3342 | D:4      | Killed from afar by Dowan

Illustrated notes

Levels and vault maps discovered:
D:1:      shiori_arrival_whats_in_store_for_you, layout_loops_ring,
          minmay_quantized
D:2:      cheibrodos_helix_gallery, layout_loops_ring, serial_aquarium,
          aquarium_bridge_island_small [aquarium_subvault_small_open,
          aquarium_subvault_balcony, aquarium_subvault_bridge,
          aquarium_subvault_bridge, aquarium_subvault_bridge],
          aquarium_window_3, aquarium_window_fake, aquarium_window_fake,
          aquarium_window_fake, aquarium_view_2g, aquarium_view_2d, uniq_natasha
D:3:      layout_basic, dreamdust_ecumenical_altar_statues, serial_shops,
          nicolae_shop_waterfront, minmay_misc_feat_nine_boxes, uniq_jessica
D:4:      layout_loops_ring, serial_shops, nicolae_shop_bloodbath_and_beyond,
          uniq_duvessa

Skill      XL: |  1  2  3  4  5  6 |
---------------+-------------------+-----
Spellcasting   | 1 2 3 4 5 |  5.2
Fighting       | |  2.0
Staves         | |  2.6
Throwing       | |  1.5
Dodging        | |  3.2

Action                   |  1- 3 |  4- 6 |  7- 9 || total
-------------------------+-------+-------+-------++-------
Melee: Dagger            |    79 |   218 |     9 ||   306
       Quarterstaff      |     1 |       |       ||     1
       Punch             |       |     2 |       ||     2
 Cast: Wereblood         |       |     1 |       ||     1
       Call Imp          |       |       |     2 ||     2
Evoke: Wand              |       |       |     2 ||     2
  Use: Scroll            |       |     3 |       ||     3
 Stab: Sleeping          |     1 |       |       ||     1
Armor: Leather armour    |    29 |    55 |     2 ||    86
Dodge: Dodged            |    59 |   149 |     6 ||   214
